 Dungeon Crawl Stone Soup version 0.20.0-6-gd3061e9 (webtiles) character file.

1354 grisnicke the Conjurer (level 8, -1/52 HPs)
             Began as a Human Wanderer on May 28, 2017.
             Was a Follower of Vehumet.
             Shot with an arrow by something (9 damage)
             ... on level 6 of the Dungeon.
             The game lasted 00:58:02 (8294 turns).

grisnicke the Conjurer (Human Wanderer)             Turns: 8294, Time: 00:58:03

Health: -1/52      AC:  9    Str: 12    XL:     8   Next: 95%
Magic:  13/15      EV: 11    Int: 17    God:    Vehumet [*.....]
Gold:   184        SH:  0    Dex: 15    Spells: 5/17 levels left

rFire    + . .     SeeInvis .   d - +0 dagger
rCold    + . .     Gourm    .   (no shield)
rNeg     . . .     Faith    .   r - +2 robe {rC+ rF+}
rPois    .         Spirit   .   (no helmet)
rElec    .         Reflect  .   n - +1 cloak
rCorr    .         Harm     .   (no gloves)
MR       +....                  c - +2 pair of boots
Stlth    ++........             (no amulet)
Regen    0.2/turn               p - +4 ring of intelligence
MPRegen  0.2/turn               t - ring of protection from magic {MR+, !d}

@: no status effects
A: no striking features
a: Renounce Religion


You were on level 6 of the Dungeon.
You worshipped Vehumet.
Vehumet was aware of your devotion.
You were not hungry.

You visited 2 branches of the dungeon, and saw 7 of its levels.

You collected 352 gold pieces.
You spent 168 gold pieces at shops.

Inventory:

Hand Weapons
 d - a +0 dagger (weapon)
 h - a +0 short sword
   (You took it off a kobold on level 1 of the Dungeon)
Missiles
 e - 167 stones (quivered)
 v - 29 poisoned needles
Armour
 c - a +2 pair of boots (worn)
   (You found it on level 6 of the Dungeon)
 n - a +1 cloak (worn)
   (You found it on level 3 of the Dungeon)
 r - a +2 robe of resistance (worn)
   (You found it on level 5 of the Dungeon)
Jewellery
 p - a +4 ring of intelligence (left hand)
   (You took it off a hobgoblin on level 2 of the Dungeon)
 t - a ring of protection from magic (right hand) {MR+, !d}
   (You found it on level 4 of the Dungeon)
Wands
 u - a wand of digging (7/24)
   (You found it on level 3 of the Dungeon)
 w - a wand of iceblast (14/15)
   (You took it off Ijyb on level 4 of the Dungeon)
 y - a wand of polymorph (10/24)
   (You found it on level 5 of the Dungeon)
Scrolls
 i - 2 scrolls of teleportation
 l - 4 scrolls of remove curse
 D - a scroll of blinking {!r}
Potions
 g - a potion of cancellation
 j - a potion of lignification {!q}
 m - 2 potions of heal wounds {unknown}
 o - a potion of resistance
 q - 5 potions of flight
 x - a potion of berserk rage {unknown}
 z - 2 potions of curing
 A - a potion of might
 B - a potion of brilliance
 E - a potion of agility {unknown}
Books
 a - a book of Frost
 b - the Reference Book on Flames

   Spells                             Type                      Level
   a - Flame Tongue                   Conjuration/Fire             1
   b - Conjure Flame                  Conjuration/Fire             3
 s - a book of Cantrips
   (You found it on level 3 of the Dungeon)
 C - a book of Changes
   (You found it on level 5 of the Dungeon)
Comestibles
 f - 5 bread rations {@e1}
 k - 2 meat rations {@e2}
 F - 17 chunks of flesh {@w0}


   Skills:
 - Level 1.0 Throwing
 - Level 1.0 Stealth
   Level 1.0 Shields
 - Level 5.1 Spellcasting
 - Level 6.0 Conjurations
   Level 1.0 Charms
 + Level 2.9 Summonings
 + Level 2.6 Necromancy
 - Level 3.6 Fire Magic
 - Level 3.9 Ice Magic
   Level 1.0 Air Magic


You had 5 spell levels left.
You knew the following spells:

 Your Spells              Type           Power        Failure   Level  Hunger
a - Freeze                Ice            ###.         2%          1    None
b - Summon Ice Beast      Ice/Summ       ###.....     34%         4    ####...
c - Conjure Flame         Conj/Fire      ###.....     6%          3    ###....
d - Summon Small Mammal   Summ           ##..         4%          1    None
x - Throw Frost           Conj/Ice       ###...       2%          2    #......
A - Animate Skeleton      Necr           N/A          4%          1    None


Dungeon Overview and Level Annotations

Branches:
Dungeon (6/15)             Temple (1/1) D:4

Altars:
Ashenzari
Cheibriados
Dithmenos
Elyvilon
Fedhas
Gozag
Hepliaklqana
Kikubaaqudgha
Makhleb
Nemelex Xobeh
Okawaru
Qazlal
Ru
Sif Muna
Trog
Uskayaw
Vehumet
Xom
Yredelemnul
Zin
The Shining One

Shops:
D:4 !

Annotations:
D:3 exclusion: Natasha, Natasha
D:4 exclusions: orc and orc wizard, Edmund
D:6 exclusions: centaur and necrophage


Message History

a giant club; an ogre corpse You attempt to give life to the dead...
Before your eyes, flesh is ripped from the corpse!
The dead are walking!
F - 17 chunks of flesh {@w0} (gained 6)
You now have 12/15 mp.
Your magical contamination has completely faded away.
Your quokka disappears in a puff of smoke!
What are your orders? t - Shout!
Orders for allies: a - Attack new target. r - Retreat! s - Stop attacking. g - Guard the area. f - Follow me.
Anything else - Cancel.
Gang up on whom?
Aim: a necrophage Attack!
You swap places.
The necrophage hits your rat.
Your rat dies!
Your rat's corpse disappears in a puff of smoke!
You now have 13/15 mp.
Your bat hits the necrophage. x2
You now have 12/15 mp.
You swap places.
Your bat barely misses the necrophage. x2
The centaur wields a shortbow.
The centaur shoots an arrow.
The arrow hits you. The necrophage hits your ogre skeleton.
You see here an arrow.
You take 5 damage, and have 47/52 hp.
What are your orders? t - Shout!
Orders for allies: a - Attack new target. p - Attack previous target. r - Retreat! s - Stop attacking. g - Guard the area. f - Follow me.
Anything else - Cancel.
Gang up on whom?
Aim: a necrophage (lightly damaged) Attack!
Your bat hits the necrophage.
The centaur shoots an arrow.
The arrow hits you!
Your ogre skeleton closely misses the necrophage.
The centaur drinks a potion.
The centaur flickers and vanishes!
Deactivating autopickup; reactivate with Ctrl-A.
The necrophage hits your ogre skeleton.
You take 14 damage, and have 33/52 hp.
MASSIVE DAMAGE!!
Your bat hits the necrophage.
Your ogre skeleton closely misses the necrophage.
The necrophage hits your ogre skeleton.
A water moccasin comes into view.
Your bat barely misses the necrophage.
You hear a twanging sound.
An arrow appears from out of thin air!
The arrow closely misses your rat. The arrow hits you but does no damage.
The necrophage hits your ogre skeleton.
Your bat hits the necrophage.
You hear a twanging sound.
An arrow appears from out of thin air!
The arrow barely misses your rat. The arrow hits you.
Your ogre skeleton misses the necrophage.
The necrophage hits your ogre skeleton.
You take 3 damage, and have 31/52 hp.
Your bat barely misses the necrophage.
Your bat barely misses the water moccasin.
Your bat closely misses the water moccasin.
You hear a twanging sound.
An arrow appears from out of thin air!
The arrow hits your rat!
Your rat dies!
Your rat's corpse disappears in a puff of smoke!
The water moccasin bites your bat.
Your bat dies!
Your bat's corpse disappears in a puff of smoke!
The necrophage hits your ogre skeleton. Something hits you!
Your ogre skeleton barely misses the necrophage.
Something hits you. The necrophage hits your ogre skeleton.
You see here 3 arrows.
You take 11 damage, and have 20/52 hp.
MASSIVE DAMAGE!!
There is nothing here that can be animated!
Unknown command.
You freeze something. Something hits you.
The water moccasin bites your ogre skeleton!
Your ogre skeleton is destroyed!
You take 1 damage, and have 19/52 hp.
You now have 12/15 mp.
You hear a twanging sound.
An arrow appears from out of thin air!
The arrow barely misses you.
You hear a twanging sound.
An arrow appears from out of thin air!
The arrow hits you!
* * * LOW HITPOINT WARNING * * *
You hear a twanging sound.
An arrow appears from out of thin air!
The arrow hits you.
* * * LOW HITPOINT WARNING * * *
You see here an arrow.
You take 11 damage, and have 8/52 hp.
MASSIVE DAMAGE!!
Okay, then.
Unknown command.
You hear a twanging sound.
An arrow appears from out of thin air!
The arrow hits you!
You die...

.....##.#.######.# ##.#.######.#
###### #n#....##.....# #.....
###......##.###.# #.....
#........##.###{# #.....
#.#........S)(n.# #.....
#.###..####.###.# #..... #.# #..#
### #(# ###.#. #.###..## #@#
####.## #.......## #.# #......
####.....## #.## #..#.##
##.......## #(.## #..#..#
###.........####...########..#...
).'.........'....................
###.........##........####.......
##.......###.##..##.# #.......
##.....## #.###.##.# #.......


You could see a necrophage.

Vanquished Creatures
  2 sky beasts (D:6)
  2 ogres
  2 centaurs
  A scorpion (D:6)
  2 howler monkeys
  5 crimson imps
  A centaur zombie (D:5)
  3 hounds
  2 orc priests (D:3)
  Jessica (D:2)
  Ijyb (D:4)
  2 worker ants (D:5)
  A hound skeleton (D:5)
  A howler monkey zombie (D:5)
  5 gnolls (D:5)
  9 adders
  A shadow imp (D:5)
  An adder zombie (D:6)
  4 worms
  4 dart slugs
  2 leopard geckos
  4 orcs
  2 ball pythons
  4 giant cockroaches
  4 goblins
  6 hobgoblins
  9 jackals
  4 quokkas
  6 bats
  4 frilled lizards
  9 kobolds
  A quokka skeleton (D:6)
  8 rats
113 creatures vanquished.

Vanquished Creatures (collateral kills)
  An ogre (D:6)
  A worker ant (D:5)
2 creatures vanquished.

Grand Total: 115 creatures vanquished

Notes
Turn   | Place    | Note
-------+----------+-------------------------------------------
     0 | D:1      | grisnicke the Human Wanderer began the quest for the Orb.
     0 | D:1      | grisnicke set off with: a book of Frost, the Reference Book on Flames, a +0 robe, a +0 dagger, a bread ration {@e1}
     0 | D:1      | Reached XP level 1. HP: 13/13 MP: 4/4
     0 | D:1      | Identified the Reference Book on Flames
     2 | D:1      | Learned a level 1 spell: Freeze
   403 | D:1      | Reached XP level 2. HP: 19/19 MP: 3/6
   407 | D:1      | Learned a level 2 spell: Throw Frost
   676 | D:1      | Reached skill level 3 in Ice Magic
   944 | D:1      | Reached XP level 3. HP: 23/24 MP: 2/7
  1230 | D:2      | Found a sparkling altar of Nemelex Xobeh.
  1230 | D:2      | Found a white marble altar of Elyvilon.
  1231 | D:2      | Found a deep blue altar of Sif Muna.
  1235 | D:2      | Found a bloodstained altar of Trog.
  1235 | D:2      | Found a glowing golden altar of the Shining One.
  1508 | D:2      | Reached XP level 4. HP: 30/30 MP: 4/8
  1599 | D:2      | Noticed Jessica
  1608 | D:2      | Killed Jessica
  1608 | D:2      | Reached skill level 1 in Conjurations
  1685 | D:2      | Reached skill level 2 in Conjurations
  2073 | D:2      | Reached XP level 5. HP: 34/35 MP: 3/9
  2609 | D:3      | Learned a level 3 spell: Conjure Flame
  2663 | D:3      | Learned a level 1 spell: Animate Skeleton
  2844 | D:3      | Noticed Natasha
  2858 | D:3      | Reached skill level 3 in Conjurations
  2913 | D:3      | HP: 8/35 [orc priest/nerve-wracking pain (7)]
  3302 | D:3      | Reached skill level 4 in Conjurations
  3302 | D:3      | Reached XP level 6. HP: 36/41 MP: 6/10
  3510 | D:4      | Noticed Edmund
  3533 | D:4      | Noticed Ijyb
  3550 | D:4      | Killed Ijyb
  3550 | D:4      | Reached skill level 1 in Fire Magic
  3700 | D:4      | Found a staircase to the Ecumenical Temple.
  3705 | Temple   | Entered the Ecumenical Temple
  3820 | Temple   | Became a worshipper of Vehumet
  4140 | D:4      | Reached skill level 2 in Fire Magic
  4241 | D:4      | Found Bifowilo's Distillery.
  4244 | D:4      | Bought a potion of curing for 36 gold pieces
  4244 | D:4      | Bought a potion of might for 48 gold pieces
  4244 | D:4      | Bought a potion of brilliance for 48 gold pieces
  4244 | D:4      | Bought a potion of flight for 36 gold pieces
  4343 | D:5      | Entered Level 5 of the Dungeon
  4499 | D:5      | Reached skill level 3 in Fire Magic
  5047 | D:5      | Reached XP level 7. HP: 46/46 MP: 0/11
  5270 | D:5      | Found a burning altar of Makhleb.
  5273 | D:5      | Noticed an Executioner
  5277 | D:5      | Noticed a ynoxinul
  5277 | D:5      | Noticed a hellwing
  6495 | D:5      | Reached skill level 4 in Spellcasting
  6495 | D:5      | Reached skill level 5 in Conjurations
  6618 | D:5      | Reached * piety under Vehumet
  6618 | D:5      | Offered knowledge of Shock by Vehumet.
  6719 | D:5      | Reached XP level 8. HP: 48/52 MP: 6/14
  7128 | D:6      | Reached skill level 1 in Stealth
  7560 | D:6      | Reached skill level 5 in Spellcasting
  7560 | D:6      | Reached skill level 6 in Conjurations
  7566 | D:6      | Learned a level 4 spell: Summon Ice Beast
  7690 | D:6      | Reached skill level 1 in Necromancy
  7898 | D:6      | Reached skill level 2 in Summonings
  7952 | D:6      | Learned a level 1 spell: Summon Small Mammal
  8077 | D:6      | Reached skill level 2 in Necromancy
  8293 | D:6      | HP: 9/52 [something (11)]
  8294 | D:6      | Shot with an arrow by something

Skill      XL: |  1  2  3  4  5  6  7  8 |
---------------+-------------------------+-----
Ice Magic      | 3 |  3.9
Conjurations   | 2 4 5 6 |  6.0
Fire Magic     | 3 |  3.6
Spellcasting   | 4 5 |  5.1
Stealth        | 1 |  1.0
Necromancy     | 2 |  2.6
Summonings     | 2 |  2.9
Throwing       | |  1.0
Shields        | |  1.0
Charms         | |  1.0
Air Magic      | |  1.0

Action                   |  1- 3 |  4- 6 |  7- 9 || total
-------------------------+-------+-------+-------++-------
Melee: Dagger            |    23 |    43 |    72 ||   138
Throw: Stone             |    45 |    83 |    60 ||   188
 Cast: Freeze            |    37 |    76 |    69 ||   182
       Throw Frost       |       |    32 |    46 ||    78
       Animate Skeleton  |       |     1 |     4 ||     5
       Conjure Flame     |       |     3 |     9 ||    12
       Summon Small Mamm |       |       |    10 ||    10
  Use: Scroll            |       |     4 |     6 ||    10
  Eat: Chunk             |     2 |    11 |    10 ||    23
       Royal jelly       |       |     1 |       ||     1
       Meat ration       |       |       |     1 ||     1
Armor: Robe              |    21 |    29 |    40 ||    90
Dodge: Dodged            |    41 |    55 |    72 ||   168

Vault maps used:
D:1:      dpeg_arrival_castle
D:2:      grunt_temple_overflow_open, first_bread, minmay_unequal, uniq_jessica
D:3:      uniq_crazy_yiuf_cottage, uniq_natasha
D:4:      temple_doors_e, serial_shops, kennysheep_mini_moat, uniq_edmund,
          uniq_ijyb
D:5:      minmay_opposing_rooms, makhleb_altar_promises_db
Temple:   nicolae_temple_elliptical

Table legend:
 A = Turns spent in this place as a percentage of turns spent in the entire game.
 B = Non-inter-level travel turns spent in this place as a percentage of non-inter-level travel turns spent in the entire game.
 C = Inter-level travel turns spent in this place as a percentage of turns spent in this place.
 D = Turns resting spent in this place as a percentage of non-inter-level travel turns spent in this place.
 E = Turns spent auto-exploring this place as a percentage of non-inter-level travel turns spent in this place.
 F = Non-inter-level travel turns spent in this place divided by the number of levels of this place that you've seen.
                   A       B       C       D       E      F
               +-------+-------+-------+-------+-------+----------------------
         Total | 100.0 | 100.0 |   0.2 |   4.8 |   1.2 | 495.7
       Dungeon |  99.2 |  99.2 |   0.2 |   4.9 |   0.8 | 573.8
        Temple |   0.8 |   0.8 |   3.6 |   0.0 |  51.9 |  27.0
               +-------+-------+-------+-------+-------+----------------------

Table legend:
 A = Kills in this place as a percentage of kills in entire the game.
 B = Kills by you in this place as a percentage of kills by you in the entire game.
 C = Kills by friends in this place as a percentage of kills by friends in the entire game.
 D = Other kills in this place as a percentage of other kills in the entire game.
 E = Experience gained in this place as a percentage of experience gained in the entire game.
 F = Experience gained in this place divided by the number of levels of this place that you have seen.
                   A       B       C       D       E      F
               +-------+-------+-------+-------+-------+----------------------
         Total | 100.0 | 100.0 | 100.0 |  -nan | 100.0 | 276.4
       Dungeon | 100.0 | 100.0 | 100.0 |  -nan | 100.0 | 322.5
               +-------+-------+-------+-------+-------+----------------------
